 Dungeon Crawl Stone Soup version 0.29.1-13-g9f3cf754e1 (console) character file.

Game seed: 12506401876053008618

19975 om the Thaumaturge (level 13, -11/87 HPs)
             Began as a Djinni Fire Elementalist on Jan 30, 2023.
             Was a Believer of Ashenzari.
             Shot with a bolt by a yaktaur captain (48 damage)
             ... on level 11 of the Dungeon on Jan 31, 2023.
             The game lasted 01:06:02 (19798 turns).

om the Thaumaturge (Djinni Fire Elementalist)      Turns: 19798, Time: 01:06:03

Health: -11/87     AC: 13    Str: 18    XL:     13   Next: 8%
Gold:   558        EV: 16    Int: 18    God:    Ashenzari [**....] SH:  0 Dex: 16

rFire   + + .      SeeInvis +   E - +7 scimitar {flame, Str+3, Melee, Fort} (curse)
rCold   x . .      Faith    .   (no shield)
rNeg    + . .      Spirit   .   c - +1 ring mail of Kapt {Harm rN+ Slay+3 Stlth+}
rPois   ∞          Reflect  .   (no helmet)
rElec   .          Harm     +   n - +2 cloak of Ashenzari's Ennui {Stlth+, Self, Fort} (curse)
rCorr   .          Rampage  .   L - +0 pair of gloves
Will    +....                   (boots unavailable)
Stlth   +++.......              (no amulet)
HPRegen 0.24/turn               s - +6 ring of strength
MPRegen 0.00/turn               u - ring "Enlightened Boredom" {SInv, Self, Melee} (curse)

@: flying
A: sickness immunity, fire resistance 2, cold vulnerability 1, float, innate
caster, HP casting, extra vitality 1
a: Renounce Religion, Curse Item, Shatter the Chains


You were on level 11 of the Dungeon.
You worshipped Ashenzari.
Ashenzari was pleased with you.
You visited 2 branches of the dungeon, and saw 12 of its levels.
You also visited: Ossuary.

You collected 899 gold pieces.
You spent 341 gold pieces at shops.

Inventory:

Hand Weapons
 E - the cursed +7 scimitar "Thunder Perfect Mind" (weapon) {flame, Str+3, Melee, Fort}
   (You found it on level 8 of the Dungeon)

   It burns those it strikes, dealing additional fire damage.
   Big, fiery blades are also staple armaments of hydra-hunters.
   Str:       It affects your strength (+3).
   It has a curse which improves the following skills: Melee Combat: Short
   Blades, Long Blades, Axes, Maces & Flails, Polearms, Staves and Unarmed
   Combat.
   Fortitude: Armour and Shields.
Missiles
 a - 2 throwing nets
Armour
 c - the +1 ring mail of Kapt (worn) {Harm rN+ Slay+3 Stlth+}
   (You found it on level 4 of the Dungeon)

   Slay:      It affects your accuracy & damage with ranged weapons and melee
   (+3).
   rN:        It protects you from negative energy.
   Harm:      It increases damage dealt and taken.
   Stlth:     It makes you more stealthy.
 k - +0 acid dragon scales
 n - the cursed +2 cloak of Ashenzari's Ennui (worn) {Stlth+, Self, Fort}
   (You took it off Crazy Yiuf on level 3 of the Dungeon)

   It has a curse which improves the following skills: Introspection: Fighting
   and Spellcasting.
   Fortitude: Armour and Shields.
 o - a +3 leather armour of willpower
 x - +0 acid dragon scales
 L - a +0 pair of gloves (worn)
Jewellery
 l - a +4 ring of evasion
 s - a +6 ring of strength (left hand)
 u - the cursed ring "Enlightened Boredom" (right hand) {SInv, Self, Melee}
   (You found it on level 4 of the Dungeon)

   [ring of see invisible]

   SInv:      It lets you see invisible.
   It has a curse which improves the following skills: Introspection: Fighting
   and Spellcasting.
   Melee Combat: Short Blades, Long Blades, Axes, Maces & Flails, Polearms,
   Staves and Unarmed Combat.
 y - a +6 ring of intelligence
 z - a ring of fire
Wands
 g - a wand of flame (36)
 B - a wand of mindburst (34)
Scrolls
 b - 2 scrolls of torment
 d - 3 scrolls of brand weapon
 e - a scroll of blinking
 i - 3 scrolls of vulnerability
 t - 6 scrolls of fear
 v - 2 scrolls of teleportation
 w - 2 scrolls of magic mapping
 C - a scroll of silence
 G - a scroll of poison
 I - 3 scrolls of enchant weapon
Potions
 f - a potion of brilliance
 h - 2 potions of ambrosia
 j - 6 potions of curing
 m - 2 potions of cancellation {!q}
 p - 2 potions of heal wounds
 q - 3 potions of resistance
 r - 5 potions of might
 F - a potion of invisibility
 K - a potion of lignification


   Skills:
 + Level 4.1(5.8) Fighting
 - Level 0.1(5.0) Short Blades
 + Level 8.1(10.0) Long Blades
 - Level 0.5(1.3) Maces & Flails
 - Level 8.3(10.2) Armour
 + Level 10.0 Dodging
 - Level 2.0 Stealth
 * Level 10.9(12.8) Spellcasting


You had 4 spell levels left.
You knew the following spells:

 Your Spells              Type           Power      Damage    Failure   Level
a - Foxfire               Conj/Fire      100%       2x1d9     1%          1
b - Scorch                Fire           100%       2d10      1%          2
c - Conjure Flame         Conj/Fire      55%        6-21      1%          3
d - Inner Flame           Hex/Fire       55%        N/A       1%          3
e - Flame Wave            Conj/Fire      55%        2d13      1%          4
f - Slow                  Hex            100%       N/A       1%          1
g - Poisonous Vapours     Pois/Air       100%       N/A       1%          2
h - Stone Arrow           Conj/Erth      100%       3d13      1%          3
i - Animate Armour        Summ/Erth      100%       N/A       1%          4
j - Agony                 Necr           55%        N/A       1%          5
k - Lightning Bolt        Conj/Air       27%        1d44      1%          5
Your spell library was empty.

Dungeon Overview and Level Annotations

Branches:
Dungeon (11/15)            Temple (1/1) D:6            Lair (0/5) D:11
    Orc (0/2) D:11        Ossuary (visited)

Altars:
Ashenzari
Cheibriados
Dithmenos
Elyvilon
Fedhas
Gozag
Hepliaklqana
Makhleb
Nemelex Xobeh
Okawaru
Qazlal
Ru
Trog
Uskayaw
Wu Jian
Xom
Yredelemnul
Zin
The Shining One

Shops:
D:2 :   D:7 *   D:11 (


Innate Abilities, Weirdness & Mutations

You are immune to sickness and miasma.
You are immune to poison.
Your flesh is very heat resistant. (rF++)
You are vulnerable to cold. (rC-)
You float through the air rather than walking.
You learn spells naturally, not from books.
Your magical power is your life essence.
You have superior vitality. (+4 MHP)


Message History

Confirm with . or Enter, or press ? or * to list all spells.
Flames lash the tengu warrior.
The tengu warrior is burned terribly!
The tengu warrior is almost dead.
Casting: Scorch (safe; 1% risk of failure)
Confirm with . or Enter, or press ? or * to list all spells.
Flames lash the tengu warrior.
The tengu warrior is burned terribly!
You kill the tengu warrior!
Your base Fighting skill increases to level 4!
Casting: Scorch (safe; 1% risk of failure)
Confirm with . or Enter, or press ? or * to list all spells.
Flames lash the basilisk.
The basilisk is burned terribly!
The basilisk is almost dead.
The basilisk gazes at you.
You easily resist.
Casting: Scorch (safe; 1% risk of failure)
Confirm with . or Enter, or press ? or * to list all spells.
Flames lash the basilisk.
The basilisk is burned terribly!
You kill the basilisk!
You start resting.
A yaktaur captain comes into view. It is wielding a staff of fire.
Casting: Scorch (safe; 1% risk of failure)
Confirm with . or Enter, or press ? or * to list all spells.
The fire begins to smoulder!
The yaktaur captain wields a +0 arbalest.
The yaktaur captain shoots a bolt.
The bolt misses you.
The fire ignites!
Casting: Conjure Flame (safe; 1% risk of failure)
Confirm with . or Enter, or press ? or * to list all spells.
Okay, then.
Unknown command.
Casting: Conjure Flame (safe; 1% risk of failure)
Confirm with . or Enter, or press ? or * to list all spells.
Flames lash the yaktaur captain.
The yaktaur captain is lightly wounded.
The yaktaur captain's fire resistance burns away.
The yaktaur captain shoots a bolt.
The bolt hits you!!
* * * LOW HITPOINT WARNING * * *
You feel much better.
The yaktaur captain shoots a bolt.
The bolt hits you!!!
Ouch! That really hurt!
You die...

.#
##)..###..######
.# ** '*
##.###...# .# *
#####..## .# , ,
*##...# ### ## ,
*, ,##...## ##.#
# ** * #..#....#
##.## *
#..##...# #.## ,
#.. #..## ###.#
* * ,#Q.,#@..#
##..## ##* '
#..,#...###...#
.# * ,,#..
##...[....#
.##########
#'###c...#####
..........#
#)c{....##
..###....##
#######.# ..#
##..## #.# ###
.## ##..# #.#
#.# .# #...##
#.# #.#


You could see a yaktaur captain (combustible).

Vanquished Creatures
  2 hydras (D:11)
  2 boulder beetles (D:8)
  3 death yaks
  2 centaur warriors (D:11)
  A tengu warrior (D:11)
  2 two-headed ogres
  A manticore (D:11)
  A gargoyle (D:11)
  3 trolls
  3 hornets
  3 wraiths
  Eustachio (D:5)
  A vampire (D:9)
  3 wyverns
  22 yaks
  3 steam dragons
  A basilisk (D:11)
  2 acid dragons
  Duvessa (D:5)
  14 orc warriors
  2 ice beasts
  A phantom (D:5)
  2 ogres
  A centaur (D:10)
  7 bullfrogs
  A necrophage (D:6)
  A gnoll sergeant (D:11)
  A scorpion (D:5)
  10 wights
  Dowan (D:5)
  13 killer bees
  An electric eel (D:11)
  6 howler monkeys
  6 jellies
  3 hounds
  8 orc priests
  Crazy Yiuf (D:3)
  3 gnoll boudas
  A human zombie (Ossuary)
  5 iguanas
  20 orc wizards
  A hound zombie (Ossuary)
  4 mummies (Ossuary)
  24 gnolls
  11 adders
  A shadow imp (D:8)
  5 white imps
  2 ufetubi
  An adder zombie (Ossuary)
  4 worms
  4 dart slugs
  67 orcs
  6 bats
  5 endoplasms
  6 giant cockroaches
  3 gnoll zombies (Ossuary)
  8 goblins
  7 hobgoblins
  9 jackals
  5 kobolds
  7 quokkas
  2 ball pythons
  5 frilled lizards
  A hobgoblin zombie (Ossuary)
  A jackal zombie (Ossuary)
  3 orc zombies (Ossuary)
  8 rats
  A rat zombie (Ossuary)
366 creatures vanquished.

Vanquished Creatures (collateral kills)
  An acid dragon (D:9)
1 creature vanquished.

Vanquished Creatures (others)
  436 foxfires
436 creatures vanquished.

Grand Total: 803 creatures vanquished

Notes
Turn   | Place    | Note
-------+----------+-------------------------------------------
     0 | D:1      | om the Djinni Fire Elementalist began the quest for the
                  | Orb.
     0 | D:1      | om set off with the following spells memorised: Foxfire,
                  | Scorch, Conjure Flame, Inner Flame, Flame Wave.
     0 | D:1      | Reached XP level 1. HP: 15/15 MP: 0/0
    17 | D:1      | Noticed an electric eel
   238 | D:1      | Reached XP level 2. HP: 11/21 MP: 0/0
   932 | D:1      | Reached XP level 3. HP: 22/25 MP: 0/0
   932 | D:1      | Learned a level 1 spell: Slow
  1060 | D:1      | Found a faded altar of an unknown god.
  2095 | D:2      | Reached XP level 4. HP: 25/31 MP: 0/0
  2259 | D:2      | Found Ixafojio's Book Shop.
  3448 | D:3      | Reached XP level 5. HP: 26/35 MP: 0/0
  3448 | D:3      | Learned a level 2 spell: Poisonous Vapours
  4086 | D:3      | Reached XP level 6. HP: 25/41 MP: 0/0
  4237 | D:3      | Found a runed translucent door.
  4238 | D:3      | Noticed Crazy Yiuf
  4691 | D:3      | Killed Crazy Yiuf
  5094 | D:4      | Identified the +1 ring mail of Kapt {Harm rN+ Slay+3
                  | Stlth+}
  5181 | D:4      | Found a sand-covered staircase.
  5186 | Ossuary  | Entered an ossuary
  5260 | Ossuary  | Reached skill level 5 in Spellcasting
  5260 | Ossuary  | Reached XP level 7. HP: 18/46 MP: 0/0
  5260 | Ossuary  | Learned a level 3 spell: Stone Arrow
  5782 | D:4      | Identified the +3 kite shield of Pathos {Str+8}
  6177 | D:4      | Reached skill level 1 in Armour
  6547 | D:5      | Entered Level 5 of the Dungeon
  6670 | D:5      | Reached XP level 8. HP: 31/51 MP: 0/0
  6759 | D:5      | Noticed Eustachio
  7105 | D:5      | Noticed Dowan
  7435 | D:5      | Noticed Duvessa
  7452 | D:5      | Killed Duvessa
  7690 | D:5      | Killed Dowan
  7691 | D:5      | Reached skill level 5 in Dodging
  7806 | D:5      | Killed Eustachio
  8335 | D:6      | Reached XP level 9. HP: 38/56 MP: 0/0
  8335 | D:6      | Learned a level 4 spell: Animate Armour
  8464 | D:6      | Found a staircase to the Ecumenical Temple.
  8689 | D:6      | Identified the +1 robe of Dahys {Harm}
  8716 | D:6      | Reached skill level 5 in Armour
  9799 | Temple   | Entered the Ecumenical Temple
  9799 | Temple   | Found a transporter.
  9799 | Temple   | Found a transporter.
  9801 | Temple   | Found a transporter.
  9801 | Temple   | Found a transporter.
  9861 | D:7      | Found Puext's Assorted Antiques.
  9870 | D:7      | Bought a potion of heal wounds for 155 gold pieces
  9886 | D:7      | Bought a scroll of identify for 62 gold pieces
  9886 | D:7      | Bought a scroll of identify for 62 gold pieces
  9886 | D:7      | Bought a scroll of identify for 62 gold pieces
 10541 | D:7      | Reached XP level 10. HP: 46/61 MP: 0/0
 10933 | D:8      | Found a shimmering altar of Xom.
 10933 | D:8      | Found an ornate altar of the Wu Jian Council.
 10934 | D:8      | Found a sparkling altar of Nemelex Xobeh.
 10934 | D:8      | Found a broken altar of Ashenzari.
 10941 | D:8      | Became a worshipper of Ashenzari the Shackled
 11221 | D:8      | Identified the +7 scimitar of Honour {flame, Str+3}
 12079 | D:8      | Noticed a boulder beetle
 12088 | D:8      | HP: 3/61 [boulder beetle (19)]
 12092 | D:8      | Killed a boulder beetle
 12093 | D:8      | Reached skill level 1 in Long Blades
 12404 | D:8      | Noticed a boulder beetle
 12716 | D:8      | Reached XP level 11. HP: 34/66 MP: 0/0
 12716 | D:8      | Learned a level 5 spell: Agony
 13108 | D:8      | Killed a boulder beetle
 14267 | D:9      | Reached * piety under Ashenzari
 14394 | D:9      | Noticed a two-headed ogre
 14412 | D:9      | Killed a two-headed ogre
 14413 | D:9      | Reached skill level 1 in Fighting
 14413 | D:9      | Reached skill level 5 in Long Blades
 14987 | D:9      | Identified the Atlas of Retrieval
 14989 | D:9      | Found a bloodstained altar of Trog.
 15256 | D:10     | Entered Level 10 of the Dungeon
 15939 | D:10     | Reached skill level 10 in Spellcasting
 16382 | D:10     | Reached XP level 12. HP: 56/78 MP: 0/0
 16922 | D:11     | Noticed a death yak
 16922 | D:11     | Noticed a seven-headed hydra
 16922 | D:11     | Noticed a two-headed ogre
 16922 | D:11     | Identified the +2 robe of the Armadillo {Int+8}
 16922 | D:11     | Noticed a seven-headed hydra
 17096 | D:11     | Killed a seven-headed hydra
 17102 | D:11     | Killed a seven-headed hydra
 17260 | D:11     | Found a staircase to the Lair.
 17264 | D:11     | Noticed a death yak
 17267 | D:11     | Noticed a death yak
 17274 | D:10     | Killed a death yak
 17828 | D:11     | Reached ** piety under Ashenzari
 18036 | D:11     | Found Cediring's Weapon Emporium.
 18145 | D:11     | Killed a two-headed ogre
 18603 | D:11     | Killed a death yak
 18706 | D:11     | Killed a death yak
 18760 | D:11     | Noticed a centaur warrior
 18769 | D:11     | Noticed a centaur warrior
 18989 | D:11     | Killed a centaur warrior
 19210 | D:11     | Killed a centaur warrior
 19216 | D:11     | Reached XP level 13. HP: 33/86 MP: 0/0
 19216 | D:11     | Learned a level 5 spell: Lightning Bolt
 19288 | D:11     | Reached skill level 10 in Dodging
 19499 | D:11     | Found a staircase to the Orcish Mines.
 19791 | D:11     | Noticed a yaktaur captain
 19798 | D:11     | Shot with a bolt by a yaktaur captain

Illustrated notes

Levels and vault maps discovered:
D:1:      arrival_aquarium_a, layout_loops_ring,
          dreamdust_ecumenical_altar_hidden_monk_grotto,
          wander_ebering_terrifying_dragon_lair
D:2:      layout_loops_ring, serial_shops, shop_coins
D:3:      layout_basic, uniq_crazy_yiuf_cottage
D:4:      layout_loops_ring, enter_ossuary_2, minmay_statues_item, minmay_puff
D:5:      layout_basic, uniq_duvessa, uniq_eustachio
D:6:      layout_loops_ring, minmay_temple_entry_glassed_door,
          kennysheep_generic_room_2
D:7:      layout_rooms, serial_shops, shop
D:8:      nzn_winding_woodlands_three_and_one [nzn_winding_woodlands_5x15_cabin,
          nzn_winding_woodlands_5x15_default,
          nzn_winding_woodlands_5x15_pockets,
          nzn_winding_woodlands_center_pierced_h], layout_basic,
          chequers_temple_overflow_statue_of_worship, serial_corexii_hall,
          corexii_hall_statues_t, chequers_hall_statues_wall_a
D:9:      layout_roguey [special_room_orc], trog_book, grunt_decor_mini_mirrors
D:10:     layout_rooms
D:11:     minmay_sliced_demisemicircle, layout_layer_cave, dpeg_lair_monsters,
          erik_orc_2, serial_shops, nicolae_shop_bloodbath_and_beyond
Temple:   hellmonk_temple_divided_pantheon

Skill      XL: |  1  2  3  4  5  6  7  8  9 10 11 12 13 |
---------------+----------------------------------------+-----
Spellcasting   | 3 4 5 6 7 8 10 | 10.9
Dodging        | 3 4 5 7 8 9 10 | 10.0
Stealth        | 2 |  2.0
Armour         | 2 4 6 7 8 |  8.3
Long Blades    | 2 5 8 |  8.1
Fighting       | 3 4 |  4.1
Short Blades   | |  0.1
Maces & Flails | |  0.5

Action                   |  1- 3 |  4- 6 |  7- 9 | 10-12 | 13-15 || total
-------------------------+-------+-------+-------+-------+-------++-------
Melee: Short sword       |     8 |    22 |    25 |       |       ||    55
       Whip              |     5 |    35 |       |       |       ||    40
       Unarmed           |     1 |       |       |       |       ||     1
       Punch             |       |     2 |       |       |       ||     2
       Scimitar          |       |       |       |    36 |       ||    36
 Cast: Foxfire           |    56 |    49 |    70 |    78 |     2 ||   255
       Scorch            |     2 |    28 |    87 |   130 |    11 ||   258
       Poisonous Vapours |       |    16 |    23 |   108 |     4 ||   151
       Slow              |       |     1 |     3 |     3 |       ||     7
       Flame Wave        |       |     1 |       |     1 |       ||     2
       Conjure Flame     |       |       |    13 |    40 |     2 ||    55
       Stone Arrow       |       |       |     7 |    36 |     2 ||    45
       Inner Flame       |       |       |     8 |    27 |       ||    35
       Animate Armour    |       |       |       |     4 |       ||     4
       Agony             |       |       |       |     2 |       ||     2
       Lightning Bolt    |       |       |       |       |     1 ||     1
Invok: Curse Item        |       |       |       |     3 |       ||     3
  Use: Scroll            |     3 |     6 |     8 |     6 |       ||    23
       Potion            |       |     1 |     3 |     2 |     1 ||     7
 Stab: Sleeping          |       |     3 |       |     1 |       ||     4
Armor: Robe              |    11 |    14 |       |       |       ||    25
       Ring mail         |       |       |    17 |    25 |     1 ||    43
Dodge: Dodged            |    20 |    71 |    42 |    80 |     2 ||   215
